 Dungeon Crawl Stone Soup version 0.26-a0-259-g1effd001a9 (webtiles) character file.

Game seed: 8989253102712765825

13605 Apogee the Severer (level 11, -2/111 HPs)
             Began as a Minotaur Fighter on July 21, 2020.
             Was an Initiate of Gozag.
             Slain by a minotaur zombie (8 damage)
             ... in a Gauntlet.
             The game lasted 00:24:18 (14003 turns).

Apogee the Severer (Minotaur Fighter)              Turns: 14003, Time: 00:24:19

Health: -2/111     AC: 12    Str: 30    XL:     11   Next: 77%
Magic:  10/10      EV:  7    Int:  5    God:    Gozag
Gold:   2333       SH:  9    Dex: 10    Spells: 10/10 levels left

rFire    . . .     SeeInvis .   s - +1 war axe (venom)
rCold    . . .     Faith    .   E - +0 buckler
rNeg     . . .     Spirit   .   g - +1 plate armour
rPois    .         Reflect  +   (helmet restricted)
rElec    .         Harm     .   (no cloak)
rCorr    .         NoTele   +   (no gloves)
MR       .....                  (no boots)
Stlth    ..........             I - amulet of reflection
HPRegen  0.28/turn              C - ring of flight
MPRegen  0.12/turn              H - +6 ring of strength

@: mighty, berserk cooldown, slowed, very slow
A: retaliatory headbutt, horns 2
a: Potion Petition, Call Merchant, Bribe Branch, Renounce Religion, Evoke Flight


You were in a Gauntlet.
You worshipped Gozag.
Gozag was most pleased with you.
You were not hungry.

You visited 2 branches of the dungeon, and saw 12 of its levels.
You also visited: Ossuary and Gauntlet.

You collected 2351 gold pieces.
You paid 18 gold pieces to Gozag.

Inventory:

Hand Weapons
 s - a +1 war axe of venom (weapon)
Missiles
 e - 171 stones (quivered)
Armour
 c - a +0 kite shield
 g - a +1 plate armour (worn)
 E - a +0 buckler (worn)
 O - a +1 pair of gloves of dexterity
 P - a +3 scale mail of magic resistance
Jewellery
 m - an uncursed amulet of guardian spirit
 x - an uncursed ring of ice
 C - a ring of flight (left hand)
 D - an uncursed ring of fire
 G - an uncursed ring of protection from magic
 H - a +6 ring of strength (right hand)
 I - an amulet of reflection (around neck)
Wands
 y - a wand of polymorph (9)
 z - a wand of iceblast (5)
 L - a wand of flame (23)
 M - a wand of random effects (15)
 N - a wand of clouds (8)
Scrolls
 h - 2 scrolls of blinking
 i - a scroll of brand weapon
 j - a scroll of enchant weapon
 q - 5 scrolls of magic mapping
 r - 6 scrolls of remove curse
 v - a scroll of identify
 w - 2 scrolls of enchant armour
 A - 3 scrolls of fog
 F - a scroll of amnesia
 J - a scroll of teleportation
Potions
 a - 2 potions of flight
 b - a potion of magic
 d - a potion of might
 k - 4 potions of stabbing
 l - 3 potions of ambrosia
 n - 2 potions of mutation
 o - 3 potions of haste
 p - 2 potions of lignification
 t - 4 potions of cancellation
 u - 3 potions of curing
 K - a potion of resistance
Comestibles
 f - 14 rations


   Skills:
 + Level 14.8 Fighting
 - Level 16.0 Axes
 - Level 3.6 Armour
 + Level 4.6 Shields


You had 10 spell levels left.
You didn't know any spells.
Your spell library contained the following spells:

 Spells                   Type           Power        Failure   Level
 Corona                   Hex            #......      99%         1
 Freeze                   Ice            #...         99%         1
 Magic Dart               Conj           #...         99%         1
 Blink                    Tloc           N/A          100%        2
 Call Imp                 Summ           #.......     100%        2
 Ensorcelled Hibernation  Hex/Ice        #.....       100%        2
 Slow                     Hex            #.......     100%        2
 Confusing Touch          Hex            #.......     100%        3
 Conjure Flame            Conj/Fire      #.......     100%        3
 Dazzling Flash           Conj/Hex       #.....       100%        3
 Frozen Ramparts          Ice            #.....       100%        3
 Mephitic Cloud           Conj/Pois/Air  #.......     100%        3
 Ozocubu's Armour         Chrm/Ice       #.......     100%        3
 Tukima's Dance           Hex            #.......     100%        3
 Hailstorm                Conj/Ice       #.......     100%        4
 Summon Ice Beast         Ice/Summ       #.......     100%        4


Dungeon Overview and Level Annotations

Branches:
Dungeon (11/15)            Temple (0/1) D:5            Lair (0/6) D:10
    Orc (1/2) D:10        Ossuary (visited)         Gauntlet (1/1)

Altars:
Ashenzari
Cheibriados
Gozag
Hepliaklqana
Kikubaaqudgha
Makhleb
Okawaru
Qazlal
Ru
Sif Muna
Uskayaw
Beogh

Shops:
D:4 :   D:9 =

Annotations:
D:10 2 runed translucent doors Gauntlet 6 transporters, exclusion: 2 lightning spires


Innate Abilities, Weirdness & Mutations

You reflexively headbutt those who attack you in melee.
You have a pair of horns on your head.


Message History

The minotaur zombie gores you.
* * * LOW HITPOINT WARNING * * *
The minotaur zombie hits you but does no damage.
The minotaur zombie completely misses you.
There is an open door, spattered with blood here.
Items here: ! $ ( ? [ | You see here a silver javelin.
The minotaur zombie hits you!
* * * LOW HITPOINT WARNING * * *
The minotaur zombie gores you but does no damage.
You feel very mighty all of a sudden. The minotaur zombie hits you!
* * * LOW HITPOINT WARNING * * *
You block the minotaur zombie's attack.
You slice the minotaur zombie!!
The minotaur zombie is almost destroyed.
The minotaur zombie hits you but does no damage.
The minotaur zombie gores you!
You die...
Your body crumbles into a pile of gold.

#.'⌠...### #...⌠'.# #.∩..###
###.## ######$#######
#.......(.....#
#.###.###.###.#
#.........Z...#
##.###.###@###
#####.###.###.####
#§...............§# ##
#8.8.8..©.©..8.8.8# # 8#
#≈...............≈# 8#
############################
...........§∩≈............≈##
...........................#8
###########...###########..#


You could see a minotaur zombie.

Vanquished Creatures
  A minotaur (Gauntlet)
  Fannar (D:10)
  Erica (Orc:1)
  3 two-headed ogres
  Nergalle (D:10)
  2 wizards (Gauntlet)
  A minotaur zombie (Gauntlet)
  A merfolk (shapeshifter) (Gauntlet)
  Prince Ribbit (D:9)
  2 hippogriffs
  Sigmund (D:2)
  6 yaks
  2 wyverns
  A soldier ant (shapeshifter) (Gauntlet)
  Duvessa (D:7)
  3 porcupines (D:10)
  2 ice beasts
  A phantom (D:10)
  A black bear (shapeshifter) (Gauntlet)
  4 orc warriors
  2 sky beasts
  9 ogres
  3 black bears
  4 centaurs
  A crocodile (D:10)
  6 bullfrogs
  Dowan (D:7)
  A scorpion (D:6)
  A water moccasin skeleton (D:6)
  A wyvern skeleton (D:8)
  A troll zombie (Ossuary)
  5 wights (D:7)
  2 howler monkeys
  6 jellies
  An electric eel (D:7)
  3 centaur zombies (Ossuary)
  A bullfrog zombie (D:9)
  4 orc wizards
  8 orc priests
  A bullfrog skeleton (D:4)
  3 hounds
  Jessica (D:2)
  3 iguanas
  8 worker ants
  An ogre zombie (Ossuary)
  7 mummies (Ossuary)
  A worker ant zombie (D:5)
  15 gnolls
  7 adders
  7 shadow imps
  7 white imps
  An ufetubus (D:9)
  2 oozes
  An adder zombie (Ossuary)
  2 adder skeletons
  2 worms
  4 dart slugs
  5 leopard geckos
  44 orcs
  7 giant cockroaches
  15 goblins
  5 hobgoblins
  17 jackals
  3 quokkas
  10 bats
  5 frilled lizards
  8 goblin zombies (Ossuary)
  A hobgoblin zombie (Ossuary)
  A jackal skeleton (D:7)
  8 kobolds
  4 kobold zombies (Ossuary)
  A quokka skeleton (D:6)
  5 quokka zombies
  9 rats
  7 rat zombies (Ossuary)
  A fungus (D:10)
  A plant (D:10)
326 creatures vanquished.

Vanquished Creatures (others)
  2 orcs (D:10)
  2 jackals (D:7)
  31 fungi
  17 plants
52 creatures vanquished.

Grand Total: 378 creatures vanquished

Notes
Turn   | Place    | Note
-------+----------+-------------------------------------------
     0 | D:1      | Apogee the Minotaur Fighter began the quest for the Orb.
     0 | D:1      | Reached XP level 1. HP: 19/19 MP: 0/0
   272 | D:1      | Reached XP level 2. HP: 15/27 MP: 1/1
   450 | D:1      | Reached skill level 3 in Axes
   930 | D:1      | Reached XP level 3. HP: 34/34 MP: 2/2
  1395 | D:2      | Noticed Sigmund
  1420 | D:2      | HP: 1/34 [something (3)]
  1429 | D:2      | Killed Sigmund
  1429 | D:2      | Reached skill level 5 in Fighting
  1429 | D:2      | Reached skill level 5 in Axes
  1429 | D:2      | Reached XP level 4. HP: 21/44 MP: 3/3
  1429 | D:2      | Reached XP level 5. HP: 24/50 MP: 4/4
  1595 | D:2      | Noticed Jessica
  1603 | D:2      | Killed Jessica
  1792 | D:2      | Reached XP level 6. HP: 53/57 MP: 5/5
  1859 | D:2      | Reached skill level 6 in Axes
  2655 | D:3      | Found a hazy altar of Hepliaklqana.
  2658 | D:3      | Found an opulent altar of Gozag.
  2663 | D:3      | Found a hide-covered altar of Uskayaw.
  2685 | D:3      | Found a shimmering blue altar of Sif Muna.
  2806 | D:3      | Found a burning altar of Makhleb.
  3020 | D:3      | Found an iron altar of Okawaru.
  3168 | D:3      | Found a stormy altar of Qazlal.
  3207 | D:3      | Became a worshipper of Gozag Ym Sagoz the Greedy
  3224 | D:4      | Reached skill level 7 in Axes
  3373 | D:4      | Reached XP level 7. HP: 61/64 MP: 6/6
  3481 | D:4      | Found Sacy's Book Emporium.
  3569 | D:4      | Reached skill level 8 in Axes
  3644 | D:4      | Found a sand-covered staircase.
  3649 | Ossuary  | Entered an ossuary
  4289 | Ossuary  | Reached skill level 9 in Axes
  4566 | D:4      | Found an ancient bone altar of Kikubaaqudgha.
  4713 | D:4      | Reached XP level 8. HP: 43/71 MP: 7/7
  4893 | D:4      | Reached skill level 10 in Axes
  4983 | D:4      | Noticed a hippogriff
  4989 | D:4      | Killed a hippogriff
  5428 | D:4      | Found a sacrificial altar of Ru.
  5438 | D:4      | Reached skill level 11 in Axes
  5853 | D:5      | Entered Level 5 of the Dungeon
  6220 | D:5      | Found a staircase to the Ecumenical Temple.
  6637 | D:6      | Reached skill level 12 in Axes
  6682 | D:6      | Reached XP level 9. HP: 75/81 MP: 8/8
  6904 | D:6      | Found a snail-covered altar of Cheibriados.
  7143 | D:6      | Found a shattered altar of Ashenzari.
  7433 | D:7      | Noticed Duvessa
  7433 | D:7      | Noticed Dowan
  7440 | D:7      | Killed Duvessa
  7442 | D:7      | Reached skill level 13 in Axes
  7445 | D:7      | Killed Dowan
  8677 | D:8      | Reached skill level 14 in Axes
  9334 | D:9      | Noticed Prince Ribbit
  9726 | D:9      | Found Doyrug's Jewellery Boutique.
  9845 | D:9      | Reached XP level 10. HP: 79/91 MP: 9/9
  9949 | D:9      | Identified the cursed +1 hand axe of Dissent {flame, +Blink
                  | Int-5 Dex+3 Stlth+}
 10003 | D:9      | Killed Prince Ribbit
 10334 | D:9      | Noticed a two-headed ogre
 10348 | D:9      | Killed a two-headed ogre
 10348 | D:9      | Reached skill level 15 in Axes
 10513 | D:10     | Entered Level 10 of the Dungeon
 10514 | D:10     | Noticed a two-headed ogre
 10575 | D:10     | Killed a two-headed ogre
 10634 | D:10     | Reached skill level 16 in Axes
 10942 | D:10     | Reached skill level 10 in Fighting
 10990 | D:10     | Found a staircase to the Lair.
 11008 | D:10     | Noticed a two-headed ogre
 11015 | D:10     | Found a runed translucent door.
 11366 | D:9      | Killed a two-headed ogre
 11366 | D:9      | Reached XP level 11. HP: 53/104 MP: 10/10
 11619 | D:10     | Found a roughly hewn altar of Beogh.
 11619 | D:10     | Found a staircase to the Orcish Mines.
 11658 | D:10     | Found a runed translucent door.
 11683 | D:10     | Noticed Nergalle
 11697 | D:10     | Killed Nergalle
 11888 | D:10     | Noticed Fannar
 11919 | D:10     | Killed Fannar
 12482 | Orc:1    | Entered Level 1 of the Orcish Mines
 12672 | Orc:1    | Noticed Erica
 12684 | Orc:1    | Killed Erica
 13052 | D:11     | Found a gate leading to a gauntlet.
 13061 | Gauntlet | Entered a Gauntlet
 13061 | Gauntlet | Found a transporter.
 13061 | Gauntlet | Found a transporter.
 13061 | Gauntlet | Found a transporter.
 13061 | Gauntlet | Found a transporter.
 13061 | Gauntlet | Noticed a wizard
 13187 | Gauntlet | Noticed a shock serpent
 13187 | Gauntlet | a merfolk changed into a shock serpent
 13222 | Gauntlet | Found a transporter.
 13231 | Gauntlet | Noticed a catoblepas
 13234 | Gauntlet | Found a transporter.
 13236 | Gauntlet | Found a transporter.
 13245 | Gauntlet | Noticed a wizard
 13245 | Gauntlet | Noticed a wizard
 13246 | Gauntlet | Found a transporter.
 13251 | Gauntlet | Found a transporter.
 13253 | Gauntlet | Noticed a balrug
 13272 | Gauntlet | Found a transporter.
 13274 | Gauntlet | Found a transporter.
 13284 | Gauntlet | Found a transporter.
 13693 | Gauntlet | Killed a wizard
 13699 | Gauntlet | Killed a wizard
 13750 | Gauntlet | Identified a scroll of acquirement
 13750 | Gauntlet | Acquired an uncursed ring of protection from magic
 13966 | Gauntlet | Noticed a minotaur
 13976 | Gauntlet | Killed a minotaur
 14003 | Gauntlet | Slain by a minotaur zombie

Illustrated notes

Levels and vault maps discovered:
D:1:      sevenhm_arrival_forest_fort_large_2, layout_basic
D:2:      layout_loops_corners, minmay_misc_feat_rows, kennysheep_potato,
          uniq_sigmund, uniq_jessica
D:3:      layout_rooms, lightli_temple_of_fire, nicolae_qazlal_eye_of_the_storm,
          old_standard_altar, grunt_temple_overflow_open
D:4:      layout_loops_ring, overflow_temple_1_default,
          lightli_ossuary_entry_decrepit_ruins, serial_shops, shop,
          nicolae_ru_sacrificial_ziggurat
D:5:      layout_cave_pools, minmay_temple_entry_hall, first_ration,
          serial_glass, glass_columns_a, glass_columns_a, glass_columns_c,
          glass_columns_c, glass_columns_b
D:6:      layout_gridville, overflow_temple_1_default, kennysheep_mini
D:7:      cheibrodos_helix_gallery, layout_basic, uniq_duvessa
D:8:      layout_rooms
D:9:      layout_rooms, serial_shops, shop, uniq_prince_ribbit1
D:10:     cheibrodos_histonic, layout_basic, due_lair_maze_entry_diamond,
          david_orc_5, uniq_nergalle, uniq_snorg, uniq_fannar
D:11:     layout_grid_maze, enter_trove_3, gauntlet_entry_generic,
          grunt_pizzeria, uniq_urug
Orc:1:    layout_caves, serial_shops, shop, uniq_erica
Gauntlet: gammafunk_gauntlet_hard_choice [gammafunk_gauntlet_arena_spirals,
          gammafunk_gauntlet_arena_open, gammafunk_gauntlet_arena_teeth,
          gammafunk_gauntlet_arena_hedges, gammafunk_gauntlet_arena_corners,
          gammafunk_gauntlet_arena_split_x, gauntlet_exit_hidden_loot]

Skill      XL: |  1  2  3  4  5  6  7  8  9 10 11 |
---------------+----------------------------------+-----
Fighting       | 4 5 6 7 9 11 14 | 14.8
Axes           | 3 5 7 9 12 14 16 | 16.0
Shields        | 4 |  4.6
Armour         | |  3.6

Action                   |  1- 3 |  4- 6 |  7- 9 | 10-12 || total
-------------------------+-------+-------+-------+-------++-------
Melee: War axe           |    84 |   158 |   394 |   271 ||   907
       Headbutt          |    12 |    26 |    67 |    63 ||   168
Invok: Potion Petition   |       |       |     1 |       ||     1
Evoke: Wand              |       |       |       |     5 ||     5
  Use: Potion            |     2 |       |       |     8 ||    10
       Scroll            |       |       |    16 |    15 ||    31
 Stab: Distracted        |       |       |       |     2 ||     2
  Eat: Ration            |     1 |     2 |     5 |     4 ||    12
Armor: Scale mail        |    18 |       |       |       ||    18
       Plate armour      |    30 |   110 |   179 |    76 ||   395
Dodge: Dodged            |    41 |    57 |   102 |    48 ||   248
Block: Other             |       |       |     1 |    29 ||    30
       Reflection        |       |       |     1 |       ||     1
       Buckler           |       |       |       |    13 ||    13

Table legend:
 A = Non-vault XP
 B = Vault XP
 C = Vault XP percentage of total XP
 D = Non-vault monster count
 E = Vault monster count
 F = Vault count percentage of total count
                 A         B        C        D         E       F
            +---------+---------+-------+---------+---------+-------
      Total |   10005 |    9432 |  48.5 |     228 |      96 |  29.6
            +---------+---------+-------+---------+---------+-------
        D:1 |      48 |       0 |   0.0 |      29 |       0 |   0.0
        D:2 |     143 |     274 |  65.7 |      23 |       6 |  20.7
        D:3 |     155 |       0 |   0.0 |      36 |       0 |   0.0
        D:4 |    1140 |       0 |   0.0 |      32 |       0 |   0.0
        D:5 |     258 |       0 |   0.0 |       7 |       0 |   0.0
        D:6 |     933 |       0 |   0.0 |      22 |       0 |   0.0
        D:7 |    1071 |     223 |  17.2 |      23 |       3 |  11.5
        D:8 |     711 |       0 |   0.0 |      16 |       0 |   0.0
        D:9 |    2510 |     411 |  14.1 |      24 |       2 |   7.7
       D:10 |    1493 |    3517 |  70.2 |       7 |      34 |  82.9
       D:11 |    1296 |       0 |   0.0 |       7 |       0 |   0.0
      Orc:1 |     247 |     960 |  79.5 |       2 |       1 |  33.3
    Ossuary |       0 |     389 | 100.0 |       0 |      37 | 100.0
   Gauntlet |       0 |    3658 | 100.0 |       0 |      13 | 100.0
            +---------+---------+-------+---------+---------+-------
